Map: Dusk Towers

Players

djroomba

  • Race: Protoss Protoss
  • League: Master

Miszu - Winner!

  • Race: Zerg Zerg
  • League: Master

VOD

Have the link to the VOD?

Description

Time

  • Played on: June 25, 2016, 2:07 p.m.
  • Length: 2:57
Show
View Real Time Build Order
Export as new Build Order

djroomba Protoss 

Build Orders:  

Get SALT Encoding   

  12  0:01  Probe (Chrono Boost)  
  13  0:11  Probe (Chrono Boost)  
  14  0:19  Pylon  
  14  0:23  Probe (Chrono Boost)  
  15  0:38  Gateway  
  15  0:40  Probe (Chrono Boost)  
  16  0:44  Assimilator  
  16  0:50  Probe (Chrono Boost)  
  17  1:01  Forge  
  17  1:12  Pylon  
  17  1:14  Probe (Chrono Boost)  
  18  1:30  Probe (Chrono Boost)  
  19  1:36  Cybernetics Core  
  19  1:49  Probe (Chrono Boost)  
  20  1:58  Pylon  
  20  2:01  Probe (Chrono Boost)  
  21  2:17  Photon Cannon  
  21  2:18  Photon Cannon  
  21  2:20  Gateway  
  21  2:22  Photon Cannon  
  21  2:29  Photon Cannon  
  21  2:35  Pylon  
  21  2:37  Photon Cannon  
Show
View Real Time Build Order
Export as new Build Order

Miszu Zerg - Winner!

Build Orders: Hatch First 

Get SALT Encoding   

  12  0:00  Drone  
  13  0:13  Drone  
  14  0:17  Overlord  
  14  0:23  Extractor, Drone  
  15  0:36  Drone x2  
  17  0:55  Drone  
  17  0:56  Hatchery  
  17  0:59  Drone  
  17  1:04  Extractor  
  17  1:13  Spawning Pool  
  16  1:22  Drone x2  
  18  1:41  Overlord  
  18  2:02  Zergling x6  
  18  2:04  Queen  
  23  2:10  Zergling x2  
  24  2:17  Queen  
  26  2:23  Drone  
  27  2:40  Zergling x8  
Tags
 
Add a new tag
Caveats
  • Supply blocks, unpowered buildings, or Contaminate may cause inaccurate times.
  • Supply counts are checked every 10 seconds.